 Dungeon Crawl Stone Soup version 0.23-a0-577-g2b1de94 (webtiles) character file.

460 Firecrotchwizard the Chopper (level 6, 0/57 HPs)
             Began as a Deep Dwarf Fighter on Dec 16, 2018.
             Was an Initiate of Makhleb.
             Slain by Duvessa
             ... wielding a +2 vampiric short sword
              (11 damage)
             ... on level 6 of the Dungeon.
             The game lasted 00:07:05 (3078 turns).

Firecrotchwizard the Chopper (Deep Dwarf Fighter)   Turns: 3078, Time: 00:07:06

Health: 0/57       AC: 10    Str: 22    XL:     6   Next: 78%
Magic:  5/5        EV:  5    Int:  8    God:    Makhleb [......]
Gold:   223        SH: 10    Dex: 12    Spells: 5/5 levels left

rFire    . . .     SeeInvis .   a - +0 war axe
rCold    . . .     Gourm    .   c - +0 shield
rNeg     . . .     Faith    .   i - +0 chain mail
rPois    .         Spirit   .   s - +0 helmet
rElec    .         Reflect  .   (no cloak)
rCorr    .         Harm     .   (no gloves)
MR       .....                  (no boots)
Stlth    ..........             (no amulet)
HPRegen  0.00/turn              (no ring)
MPRegen  0.09/turn              (no ring)

@: non-regenerating
A: damage resistance, heal wounds, sense surroundings 1, no regeneration
a: Heal Wounds, Renounce Religion


You were on level 6 of the Dungeon.
You worshipped Makhleb.
Makhleb was noncommittal.
You were not hungry.

You visited 2 branches of the dungeon, and saw 7 of its levels.

You collected 223 gold pieces.

Inventory:

Hand Weapons
 a - a +0 war axe (weapon)
Armour
 c - a +0 shield (worn)
 e - a +0 pair of boots
   (You found it on level 7 of the Dungeon)
 i - a +0 chain mail (worn)
   (You found it on level 1 of the Dungeon)
 s - a +0 helmet (worn)
   (You found it on level 4 of the Dungeon)
Jewellery
 t - an uncursed ring of wizardry {unknown}
   (You found it on level 6 of the Dungeon)
Wands
 r - a wand of polymorph (8)
   (You found it on level 6 of the Dungeon)
Scrolls
 b - 2 scrolls of immolation {unknown}
 h - 4 scrolls of amnesia
 j - 2 scrolls of enchant armour {unknown}
 m - a scroll of random uselessness {unknown}
 n - 6 scrolls of identify
Potions
 d - a potion of might
 g - a potion of invisibility {unknown}
 k - 2 potions of brilliance {unknown}
 l - 2 potions of curing {unknown}
 o - a potion of lignification {unknown}
 p - a potion of flight {unknown}
Comestibles
 f - 5 rations
 q - 4 chunks of flesh {@w0}


   Skills:
 + Level 4.2 Fighting
 * Level 5.9 Axes
 - Level 3.2 Armour
 + Level 5.1 Shields


You had 5 spell levels left.
You didn't know any spells.
Your spell library was empty.

Dungeon Overview and Level Annotations

Branches:
Dungeon (7/15)             Temple (1/1) D:4

Altars:
Ashenzari
Cheibriados
Elyvilon
Fedhas
Gozag
Makhleb
Nemelex Xobeh
Okawaru
Qazlal
Ru
Sif Muna
Trog
Vehumet
Wu Jian
Xom
Yredelemnul
Zin
The Shining One

Shops:
D:4 *

Annotations:
D:6 Duvessa


Innate Abilities, Weirdness & Mutations

You are resistant to damage.
You can heal yourself by infusing magical energy.
You passively map a small area around you.
You do not regenerate.


Message History

You block Dowan's attack.
Duvessa hits you with a +2 vampiric short sword.
Dowan hits you with a +0 dagger.
You take 5 damage, and have 21/57 hp.
You barely miss Duvessa.
Your chain mail prevents you from hitting Dowan.
You block Duvessa's attack. Dowan barely misses you.
Duvessa hits you but does no damage.
Your shield and chain mail prevent you from hitting Duvessa.
You closely miss Dowan.
Duvessa hits you with a +2 vampiric short sword.
Duvessa draws strength from your wounds!
You block Dowan's attack.
Duvessa hits you with a +2 vampiric short sword.
You closely miss Duvessa. You hit Dowan but do no damage.
You block Dowan's attack.
Duvessa hits you with a +2 vampiric short sword!
* * * LOW HITPOINT WARNING * * *
Duvessa draws strength from your wounds!
Dowan hits you but does no damage. You block Duvessa's attack.
You take 6 damage, and have 15/57 hp.
You closely miss Duvessa. You slash Dowan!
Duvessa gestures with her weapon.
You block Duvessa's attack. Dowan gestures at you while chanting.
The puff of flame hits you! You block Duvessa's attack.
You hit Duvessa. You closely miss Dowan.
Duvessa says, "My weaknesses are his strengths!"
Duvessa hits you with a +2 vampiric short sword.
Duvessa draws strength from your wounds!
Dowan casts a spell at you. The puff of frost hits you!
* * * LOW HITPOINT WARNING * * *
You take 10 damage, and have 5/57 hp.
You hit Duvessa but do no damage. You hit Dowan.
You kill Dowan!
Makhleb accepts your kill.
Duvessa screams in rage.
Duvessa goes berserk!
You block Duvessa's attack.
Duvessa hits you with a +2 vampiric short sword.
* * * LOW HITPOINT WARNING * * *
Duvessa draws strength from your wounds!
You take 2 damage, and have 3/57 hp.
You feel much better.
Duvessa hits you with a +2 vampiric short sword!
* * * LOW HITPOINT WARNING * * *
Duvessa hits you with a +2 vampiric short sword.
You regained 9 hp, and now have 12/57 hp.
Your magical essence is drained by the effort!
You feel much better. You block Duvessa's attack.
You regained 34 hp, and now have 46/57 hp.
You now have 5/5 mp.
You hit Duvessa but do no damage. Duvessa hits you but does no damage.
Duvessa hits you with a +2 vampiric short sword.
Duvessa draws strength from your wounds!
You barely miss Duvessa. Duvessa barely misses you. You block Duvessa's attack.
You hit Duvessa but do no damage.
Duvessa hits you with a +2 vampiric short sword!
Duvessa hits you with a +2 vampiric short sword.
Duvessa draws strength from your wounds!
You take 12 damage, and have 34/57 hp.
MASSIVE DAMAGE!!
You barely miss Duvessa. Duvessa hits you but does no damage. x2
You slash Duvessa! You block Duvessa's attack.
Duvessa hits you with a +2 vampiric short sword.
Duvessa draws strength from your wounds!
You closely miss Duvessa. You block Duvessa's attack. x2
You closely miss Duvessa. You block Duvessa's attack. x2
You hit Duvessa.
Duvessa hits you with a +2 vampiric short sword!
Duvessa hits you but does no damage.
You take 8 damage, and have 26/57 hp.
You hit Duvessa.
Duvessa hits you with a +2 vampiric short sword.
Duvessa draws strength from your wounds!
Duvessa hits you with a +2 vampiric short sword!
You take 5 damage, and have 21/57 hp.
You hit Duvessa.
Duvessa hits you with a +2 vampiric short sword!
* * * LOW HITPOINT WARNING * * *
Duvessa barely misses you.
You take 5 damage, and have 16/57 hp.
You barely miss Duvessa. You block Duvessa's attack.
Duvessa hits you with a +2 vampiric short sword.
* * * LOW HITPOINT WARNING * * *
You take 1 damage, and have 15/57 hp.
You slash Duvessa!
Duvessa hits you with a +2 vampiric short sword.
* * * LOW HITPOINT WARNING * * *
Duvessa draws strength from your wounds!
Duvessa hits you with a +2 vampiric short sword!
* * * LOW HITPOINT WARNING * * *
Duvessa draws strength from your wounds!
You take 4 damage, and have 11/57 hp.
You hit Duvessa but do no damage.
Duvessa is no longer moving quickly.
You block Duvessa's attack.
You hit Duvessa but do no damage. Duvessa hits you but does no damage.
Duvessa hits you with a +2 vampiric short sword!
You die...

.. #.......#
, , *
..##.......#
,
........>..#
, *
...........#
,
...)......#,,
, , ,,
*#.......# ,
, , , ,
#.......# ,,
, ,
,#)e.....+ ,
, #@......# ,
, #.......#,
, ######### ,
, , , , ,, ,
, ,, *, ** ,
,, , ,, , , ,
, * *


You could see Duvessa (berserk).

Vanquished Creatures
  A tengu (D:6)
  A scorpion (D:7)
  Dowan (D:6)
  An orc priest (D:3)
  An orc wizard (D:7)
  A worker ant (D:4)
  A killer bee zombie (D:7)
  A hound skeleton (D:4)
  4 gnolls (D:4)
  4 adders
  An ooze (D:2)
  A worm (D:3)
  A dart slug (D:2)
  3 leopard geckos
  10 orcs
  6 bats
  2 giant cockroaches (D:1)
  5 goblins
  6 hobgoblins
  6 jackals (D:2)
  5 kobolds
  2 quokkas
  5 frilled lizards
  A quokka zombie (D:4)
  5 rats
75 creatures vanquished.

Notes
Turn   | Place    | Note
-------+----------+-------------------------------------------
     0 | D:1      | Firecrotchwizard the Deep Dwarf Fighter began the quest for
                  | the Orb.
     0 | D:1      | Reached XP level 1. HP: 20/20 MP: 1/1
   362 | D:1      | Reached XP level 2. HP: 25/27 MP: 2/2
   854 | D:2      | Reached skill level 3 in Axes
   863 | D:2      | Reached skill level 3 in Fighting
   923 | D:2      | Reached XP level 3. HP: 29/34 MP: 3/3
  1240 | D:2      | Found a bloodstained altar of Trog.
  1545 | D:3      | Reached XP level 4. HP: 31/42 MP: 4/4
  1687 | D:3      | Found an ornate altar of the Wu Jian Council.
  1883 | D:3      | HP: 9/42 [orc priest/nerve-wracking pain (9)]
  1886 | D:3      | Reached skill level 4 in Axes
  1886 | D:3      | Reached skill level 4 in Shields
  2552 | D:4      | Reached XP level 5. HP: 44/49 MP: 5/5
  2668 | D:4      | Found a staircase to the Ecumenical Temple.
  2684 | Temple   | Entered the Ecumenical Temple
  2788 | Temple   | Became a worshipper of Makhleb the Destroyer
  2836 | D:4      | Found Myetes's Assorted Antiques.
  2868 | D:4      | You fall through a shaft for 3 floors!
  2868 | D:7      | Found an iron altar of Okawaru.
  2888 | D:7      | Reached skill level 5 in Axes
  2888 | D:7      | Reached XP level 6. HP: 30/57 MP: 6/6
  3032 | D:6      | Noticed Duvessa
  3038 | D:6      | Noticed Dowan
  3048 | D:6      | Reached skill level 4 in Fighting
  3048 | D:6      | Reached skill level 5 in Shields
  3061 | D:6      | HP: 5/57 [Dowan/puff of frost (10)]
  3062 | D:6      | Killed Dowan
  3076 | D:6      | HP: 14/57 [Duvessa/+2 vampiric short sword (1)]
  3078 | D:6      | Slain by Duvessa

Vault maps used:
D:1:      matt_arrival_refuge
D:2:      bloody_trog, serial_bayou_lake_a
D:3:      nicolae_overflow_hidden_temple, hangedman_feature_mirror
D:4:      minmay_temple_entry_slanted, gup_sewer_entry_bowl, serial_shops, shop,
          first_ration, led_sif_book
D:6:      kennysheep_kobold_camp, gammafunk_temple_overflow_wave, serial_shops,
          nicolae_shop_stone, uniq_duvessa, uniq_sigmund, uniq_grinder
D:7:      lemuel_ice_statue, okawaru_ov_weapons_minmay,
          nemelex_lonely_heart_becter
Temple:   eino_temple_scatter_basement

Skill      XL: |  1  2  3  4  5  6 |
---------------+-------------------+-----
Axes           | 3 4 5 |  5.9
Fighting       | 3 4 |  4.2
Shields        | 4 5 |  5.1
Armour         | |  3.2

Action                   |  1- 3 |  4- 6 || total
-------------------------+-------+-------++-------
Melee: War axe           |   108 |   163 ||   271
 Abil: Heal Wounds       |     1 |     6 ||     7
Evoke: Wand              |       |     1 ||     1
  Use: Scroll            |     1 |     1 ||     2
  Eat: Chunk             |     2 |     5 ||     7
Armor: Scale mail        |    14 |       ||    14
       Chain mail        |    43 |    94 ||   137
Dodge: Dodged            |    23 |    45 ||    68
Block: Shield            |    56 |   100 ||   156

Table legend:
 A = Non-vault XP
 B = Vault XP
 C = Vault XP percentage of total XP
 D = Non-vault monster count
 E = Vault monster count
 F = Vault count percentage of total count
                 A         B        C        D         E       F
            +---------+---------+-------+---------+---------+-------
      Total |     575 |      83 |  12.6 |      72 |       3 |   4.0
            +---------+---------+-------+---------+---------+-------
        D:1 |      23 |       0 |   0.0 |      14 |       0 |   0.0
        D:2 |      70 |       0 |   0.0 |      28 |       0 |   0.0
        D:3 |      69 |      14 |  16.9 |      11 |       2 |  15.4
        D:4 |     141 |       0 |   0.0 |      10 |       0 |   0.0
        D:6 |     117 |      69 |  37.1 |       1 |       1 |  50.0
        D:7 |     155 |       0 |   0.0 |       8 |       0 |   0.0
            +---------+---------+-------+---------+---------+-------

Vault maps used:
D:1:      matt_arrival_refuge
D:2:      bloody_trog, serial_bayou_lake_a
D:3:      nicolae_overflow_hidden_temple, hangedman_feature_mirror
D:4:      minmay_temple_entry_slanted, gup_sewer_entry_bowl, serial_shops, shop,
          first_ration, led_sif_book
D:6:      kennysheep_kobold_camp, gammafunk_temple_overflow_wave, serial_shops,
          nicolae_shop_stone, uniq_duvessa, uniq_sigmund, uniq_grinder
D:7:      lemuel_ice_statue, okawaru_ov_weapons_minmay,
          nemelex_lonely_heart_becter
Temple:   eino_temple_scatter_basement

Table legend:
 A = Turns spent in this place as a percentage of turns spent in the entire game.
 B = Non-inter-level travel turns spent in this place as a percentage of non-inter-level travel turns spent in the entire game.
 C = Inter-level travel turns spent in this place as a percentage of turns spent in this place.
 D = Turns resting spent in this place as a percentage of non-inter-level travel turns spent in this place.
 E = Turns spent auto-exploring this place as a percentage of non-inter-level travel turns spent in this place.
 F = Non-inter-level travel turns spent in this place divided by the number of levels of this place that you've seen.
                   A       B       C       D       E      F
               +-------+-------+-------+-------+-------+----------------------
         Total | 100.0 | 100.0 |   7.4 |  17.1 |  55.4 | 407.1
       Dungeon |  96.0 |  96.5 |   6.9 |  17.7 |  53.9 | 458.3
        Temple |   4.0 |   3.5 |  18.7 |   0.0 |  98.0 | 100.0
               +-------+-------+-------+-------+-------+----------------------

Table legend:
 A = Kills in this place as a percentage of kills in entire the game.
 B = Kills by you in this place as a percentage of kills by you in the entire game.
 C = Kills by friends in this place as a percentage of kills by friends in the entire game.
 D = Other kills in this place as a percentage of other kills in the entire game.
 E = Experience gained in this place as a percentage of experience gained in the entire game.
 F = Experience gained in this place divided by the number of levels of this place that you have seen.
                   A       B       C       D       E      F
               +-------+-------+-------+-------+-------+----------------------
         Total | 100.0 | 100.0 |   N/A |   N/A | 100.0 |  94.0
       Dungeon | 100.0 | 100.0 |   N/A |   N/A | 100.0 | 109.7
               +-------+-------+-------+-------+-------+----------------------
